 Dungeon Crawl Stone Soup version 0.21-a0-536-gdbbf329 (webtiles) character file.

15 Gerstahl the Stinger (level 2, 19/19 HPs)
             Began as a Demonspawn Venom Mage on Dec 15, 2017.
             Quit the game on level 1 of the Dungeon.
             The game lasted 00:02:04 (676 turns).

Gerstahl the Stinger (Demonspawn Venom Mage)         Turns: 676, Time: 00:02:05

Health: 19/19      AC:  2    Str:  8    XL:     2   Next: 34%
Magic:  5/5        EV: 12    Int: 16    God:
Gold:   14         SH:  0    Dex: 13    Spells: 4/5 levels left

rFire    . . .     SeeInvis .   (no weapon)
rCold    . . .     Gourm    .   (no shield)
rNeg     . . .     Faith    .   a - +0 robe
rPois    .         Spirit   .   (helmet restricted)
rElec    .         Reflect  .   (no cloak)
rCorr    .         Harm     .   (no gloves)
MR       .....                  (no boots)
Stlth    ++........             (no amulet)
HPRegen  0.06/turn              (no ring)
MPRegen  0.09/turn              (no ring)

@: no status effects
A: horns 1
a: no special abilities


You were on level 1 of the Dungeon.
You were not hungry.

You visited 1 branch of the dungeon, and saw 1 of its levels.

You collected 14 gold pieces.

Inventory:

Armour
 a - a +0 robe (worn)
Scrolls
 d - a scroll of blinking {unknown}
 e - a scroll of fear {unknown}
 f - a scroll of identify {unknown}
 h - a scroll of enchant armour {unknown}
Books
 b - a Young Poisoner's Handbook

   Spells                             Type                      Level
   a - Sting                          Conjuration/Poison           1
   b - Poisonous Vapours              Poison/Air                   2
   c - Mephitic Cloud                 Conjuration/Poison/Air       3
   d - Olgreb's Toxic Radiance        Poison                       4
   e - Venom Bolt                     Conjuration/Poison           5
Comestibles
 c - a bread ration
 g - a meat ration
 i - 2 chunks of flesh


   Skills:
 - Level 1.7 Dodging
 - Level 1.7 Stealth
 + Level 2.4 Spellcasting
 + Level 1.8 Conjurations
 - Level 3.0 Poison Magic


You had 4 spell levels left.
You knew the following spells:

 Your Spells              Type           Power        Failure   Level  Hunger
a - Sting                 Conj/Pois      #...         8%          1    #......


Dungeon Overview and Level Annotations

Branches:
Dungeon (1/15)

Altars:


Innate Abilities, Weirdness & Mutations

You have a pair of small horns on your head.


Message History

Aim: a goblin (resting)
The sting hits the goblin.
The goblin is poisoned.
The goblin is heavily wounded.
The goblin shouts!
Casting: Sting
Confirm with . or Enter, or press ? or * to list all spells.
Aiming: Sting
Press: ? - help, Shift-Dir - straight line, f/p - goblin
Aim: a goblin (heavily wounded, poisoned)
The sting hits the goblin.
The goblin looks even sicker.
The goblin is severely wounded.
A goblin is nearby!
A goblin is nearby!
A goblin is nearby!
You barely miss the goblin. You headbutt the goblin.
You kill the goblin!
No target in view!
No target in view!
Found a ring mail.
Are you sure you want to abandon this character and quit the game? (Confirm with "yes".)

#........##........
#.#................
#...#########.....#
##.## ##...## #.#
##'## #.# #.# #.#
#.# #.# ##.## #@#
#####...##
#....[..#.........
######.##.###...#.
#....... #.#.....
...(..##.
#.#.##.##.
#.#.##.##.
#.........


There were no monsters in sight!

Vanquished Creatures
  A dart slug (D:1)
  2 giant cockroaches (D:1)
  2 goblins (D:1)
  2 hobgoblins (D:1)
  A frilled lizard (D:1)
  2 kobolds (D:1)
  3 rats (D:1)
13 creatures vanquished.

Notes
Turn   | Place    | Note
-------+----------+-------------------------------------------
     0 | D:1      | Gerstahl the Demonspawn Venom Mage began the quest for the Orb.
     0 | D:1      | Reached XP level 1. HP: 13/13 MP: 3/3
   435 | D:1      | Gained mutation: You have a pair of small horns on your head. [demonic ancestry]
   435 | D:1      | Reached XP level 2. HP: 19/19 MP: 0/5
   676 | D:1      | Quit the game

Vault maps used:
D:1:      lightli_molten_gateway

Action                   || total
-------------------------++-------
Melee: Unarmed           ||    14
       Headbutt          ||     1
 Cast: Sting             ||    24
Armor: Robe              ||     1
Dodge: Dodged            ||    12

Table legend:
 A = Spawn XP
 B = Non-spawn XP
 C = Spawn XP percentage of total XP
 D = Spawn monster count
 E = Non-spawn monster count
 F = Spawn count percentage of total count
 G = Total turns spent on level
                    A         B        C        D         E        F      G
               +---------+---------+-------+---------+---------+-------+---------
         Total |       0 |      22 |   0.0 |       0 |      13 |   0.0 |   676
               +---------+---------+-------+---------+---------+-------+---------
           D:1 |       0 |      22 |   0.0 |       0 |      13 |   0.0 |   676
               +---------+---------+-------+---------+---------+-------+---------
